[ AOE2 MATCH · #473962795 ]
UnrankedCelts vs Saracens
[ REPLAY ANALYSIS · EXTRACTED FROM THE RECORDED GAME ]
Feudal
4:57
Castle
9:18
Imperial
16:05
| APM avg | 25.3 |
| APM peak | 57 |
| eAPM avg | 20.9 |
| Villagers / military | 204 / 1187 |
Focus
⚔️ 41.5% · 🌾 58.5%
Woad Raider ×1187
Feudal
5:52
Castle
8:35
Imperial
10:37
| APM avg | 99.0 |
| APM peak | 1224 |
| eAPM avg | 97.2 |
| Villagers / military | 137 / 1163 |
Focus
⚔️ 10.4% · 🌾 89.6%
Mameluke ×651 · Camel Scout ×284 · Archer ×169 · Battering Ram ×33 · Mangonel ×24 · Knight ×2
Feudal
5:02
Castle
7:45
Imperial
11:20
| APM avg | 31.9 |
| APM peak | 102 |
| eAPM avg | 27.8 |
| Villagers / military | 92 / 1145 |
Focus
⚔️ 38.6% · 🌾 61.4%
Spearman ×741 · Militia ×370 · Longbowman ×22 · Trebuchet (Packed) ×10 · Monk ×1 · Mangonel ×1
Feudal
4:37
Castle
6:51
Imperial
12:50
| APM avg | 29.4 |
| APM peak | 52 |
| eAPM avg | 20.2 |
| Villagers / military | 48 / 87 |
Focus
⚔️ 43.1% · 🌾 56.9%
Unknown (1959) ×273 · Unknown (1962) ×131 · Unknown (1942) ×88 · Archer ×86 · Mangonel ×1
Feudal
6:15
Castle
9:00
Imperial
12:23
| APM avg | 65.6 |
| APM peak | 606 |
| eAPM avg | 63.2 |
| Villagers / military | 41 / 746 |
Focus
⚔️ 12.5% · 🌾 87.5%
Battle Elephant ×525 · Arambai ×135 · Scout Cavalry ×65 · Mangonel ×10 · Trebuchet (Packed) ×10 · Monk ×1
Feudal
6:25
Castle
10:32
Imperial
13:00
| APM avg | 48.1 |
| APM peak | 252 |
| eAPM avg | 44.2 |
| Villagers / military | 15 / 20 |
Focus
⚔️ 28.4% · 🌾 71.6%
Unknown (1952) ×1500 · Unknown (1944) ×134 · Unknown (1949) ×58 · Mangonel ×20 · Unknown (1942) ×3 · Unknown (1954) ×2
Feudal
6:22
Castle
9:30
Imperial
13:12
| APM avg | 12.1 |
| APM peak | 48 |
| eAPM avg | 10.9 |
| Villagers / military | 37 / 32 |
Focus
⚔️ 32.8% · 🌾 67.2%
Bombard Cannon ×16 · Trebuchet (Packed) ×15 · Mangonel ×1
Feudal
5:34
Castle
7:58
Imperial
9:59
| APM avg | 82.8 |
| APM peak | 910 |
| eAPM avg | 81.8 |
| Villagers / military | 155 / 798 |
Focus
⚔️ 7.7% · 🌾 92.3%
Organ Gun ×795 · Mangonel ×3
Match map
Initial resources + every placement click. Lines = walls · curves = elevation contours. ◆ gold · ⬟ stone · ● berries · ✦ relic · ◌ wall gap
Your base· ✓ Map-separated
NoAgendaPODCAST's base· ✓ Map-separated
NoxMortus's base· ✓ Map-separated
tonzo's base· ✓ Map-separated
AworldE | AwE's base· ✓ Map-separated
Blegh's base· ✓ Map-separated
tacotoy's base· ✓ Map-separated
procrastination.exe's base· ✓ Map-separated
Smoothed initial terrain · ◌ = detected wall gap · hover for details
Inputs per minute
— gmc inspector - - NoAgendaPODCAST
Build order — gmc inspector
First 150 of 724 actions detected
| 0:05 | Build | Lumber Camp |
| 0:06 | Create | Villager (Male) |
| 0:06 | Create | Villager (Male) |
| 0:06 | Create | Villager (Male) |
| 0:07 | Create | Villager (Male) |
| 0:09 | Build | House |
| 0:35 | Build | Mill |
| 1:23 | Build | Farm |
| 1:24 | Create | Villager (Male) |
| 1:24 | Create | Villager (Male) |
| 1:31 | Build | Farm |
| 1:34 | Build | Farm |
| 1:46 | Build | Farm |
| 1:51 | Build | Farm |
| 1:55 | Create | Villager (Male) |
| 2:14 | Build | Farm |
| 2:31 | Create | Villager (Male) |
| 2:31 | Create | Villager (Male) |
| 4:05 | Research | Feudal Age |
| 4:57 | Age | Feudal Age |
| 5:00 | Research | Double-Bit Axe |
| 5:01 | Research | Tech 1687 |
| 5:01 | Research | Tech 1687 |
| 5:02 | Research | Tech 1688 |
| 5:04 | Research | Wheelbarrow |
| 5:04 | Research | Wheelbarrow |
| 5:21 | Research | Tech 1699 |
| 5:30 | Build | Farm |
| 5:32 | Create | Villager (Male) |
| 5:32 | Create | Villager (Male) |
| 5:32 | Create | Villager (Male) |
| 5:33 | Create | Villager (Male) |
| 5:33 | Create | Villager (Male) |
| 5:59 | Research | Tech 1700 |
| 6:08 | Research | Tech 1700 |
| 6:10 | Create | Villager (Male) ×5 |
| 6:16 | Build | Farm |
| 7:20 | Build | Lumber Camp |
| 7:27 | Build | Market |
| 7:33 | Build | Blacksmith |
| 8:01 | Research | Castle Age |
| 8:10 | Build | Lumber Camp |
| 9:18 | Age | Castle Age |
| 9:33 | Research | Bow Saw |
| 9:33 | Research | Tech 1691 |
| 9:33 | Research | Tech 1691 |
| 9:34 | Research | Tech 1692 |
| 9:44 | Build | Town Center |
| 9:49 | Build | Town Center |
| 10:05 | Build | Farm |
| 10:14 | Research | Hand Cart |
| 10:15 | Research | Tech 1715 |
| 10:15 | Research | Tech 1715 |
| 10:16 | Research | Town Watch |
| 10:17 | Research | Town Watch |
| 10:25 | Build | Town Center |
| 10:27 | Build | Town Center |
| 10:45 | Research | Tech 1716 |
| 11:07 | Create | Villager (Male) ×5 |
| 11:07 | Create | Villager (Male) |
| 11:16 | Build | Farm |
| 11:23 | Create | Villager (Male) ×2 |
| 12:11 | Build | Market |
| 12:23 | Create | Villager (Male) ×5 |
| 12:25 | Create | Villager (Male) ×5 |
| 12:26 | Create | Villager (Male) ×5 |
| 12:28 | Create | Villager (Male) ×5 |
| 12:48 | Build | Castle |
| 13:15 | Build | Farm |
| 13:27 | Build | Farm |
| 13:29 | Build | Farm |
| 13:54 | Create | Villager (Male) ×5 |
| 14:03 | Research | Imperial Age |
| 14:13 | Build | Mining Camp |
| 14:20 | Build | Lumber Camp |
| 14:21 | Research | Stronghold |
| 14:22 | Research | Tech 1770 |
| 14:23 | Research | Tech 1771 |
| 14:27 | Build | Farm |
| 14:36 | Build | Market |
| 14:38 | Create | Villager (Male) ×5 |
| 14:38 | Create | Villager (Male) ×5 |
| 14:39 | Create | Villager (Male) ×5 |
| 14:39 | Create | Villager (Male) ×5 |
| 14:39 | Create | Villager (Male) ×5 |
| 14:49 | Research | Imperial Age |
| 15:01 | Build | Watch Tower |
| 15:05 | Build | Blacksmith |
| 15:08 | Research | Loom |
| 15:08 | Research | Loom |
| 15:08 | Research | Tech 1628 |
| 15:16 | Research | Fletching |
| 15:17 | Research | Tech 1681 |
| 15:17 | Research | Bodkin Arrow |
| 15:17 | Research | Tech 1682 |
| 15:31 | Build | Lumber Camp |
| 15:38 | Build | Watch Tower |
| 15:47 | Build | Watch Tower |
| 15:50 | Research | Tech 1683 |
| 15:50 | Research | Tech 1683 |
| 15:50 | Research | Tech 1684 |
| 15:51 | Research | Tech 1684 |
| 15:55 | Build | Lumber Camp |
| 15:59 | Build | Lumber Camp |
| 16:05 | Age | Imperial Age |
| 16:09 | Research | Furor Celtica |
| 16:10 | Research | Furor Celtica |
| 16:11 | Research | Tech 1608 |
| 16:12 | Research | Conscription |
| 16:13 | Research | Tech 1733 |
| 16:14 | Research | Tech 1734 |
| 16:20 | Build | Watch Tower |
| 16:23 | Research | Gold Mining |
| 16:23 | Research | Stone Mining |
| 16:24 | Research | Tech 1653 |
| 16:24 | Research | Tech 1723 |
| 16:24 | Research | Gold Shaft Mining |
| 16:24 | Research | Tech 1724 |
| 16:24 | Research | Tech 1654 |
| 16:24 | Research | Stone Shaft Mining |
| 16:25 | Research | Tech 1654 |
| 16:25 | Research | Stone Shaft Mining |
| 16:25 | Research | Tech 1677 |
| 16:25 | Research | Tech 1727 |
| 16:25 | Research | Tech 1727 |
| 16:25 | Research | Tech 1677 |
| 16:26 | Research | Tech 1728 |
| 16:26 | Research | Tech 1678 |
| 16:35 | Research | Tech 1685 |
| 16:35 | Research | Tech 1685 |
| 16:36 | Research | Tech 1686 |
| 16:36 | Research | Tech 1686 |
| 16:46 | Build | Watch Tower |
| 16:47 | Build | Watch Tower |
| 16:48 | Build | Watch Tower |
| 16:49 | Build | Watch Tower |
| 16:50 | Build | Watch Tower |
| 16:58 | Build | University |
| 17:00 | Research | Tech 1705 |
| 17:01 | Research | Tech 1706 |
| 17:01 | Research | Tech 1706 |
| 17:14 | Research | Treadmill Crane |
| 17:14 | Research | Treadmill Crane |
| 17:15 | Research | Tech 1651 |
| 17:15 | Research | Tech 1651 |
| 17:15 | Research | Tech 1652 |
| 17:16 | Research | Guard Tower (upgrade) |
| 17:17 | Research | Arrowslits |
| 17:17 | Research | Arrowslits |
| 17:17 | Research | Tech 1812 |
Build order — NoAgendaPODCAST
First 150 of 716 actions detected
| 0:02 | Create | Villager (Male) |
| 0:02 | Create | Villager (Male) |
| 0:05 | Build | Mill |
| 0:07 | Build | House |
| 0:11 | Create | Villager (Male) |
| 0:11 | Create | Villager (Male) |
| 0:24 | Build | Farm |
| 1:09 | Build | Farm |
| 1:29 | Build | Farm |
| 1:34 | Create | Villager (Male) |
| 2:03 | Create | Villager (Male) |
| 2:08 | Build | Farm |
| 2:12 | Create | Villager (Male) |
| 2:34 | Build | Farm |
| 2:44 | Create | Villager (Male) |
| 3:00 | Build | Lumber Camp |
| 3:06 | Create | Villager (Male) |
| 3:07 | Create | Villager (Male) |
| 3:14 | Create | Villager (Male) |
| 3:24 | Build | Farm |
| 3:49 | Build | Farm |
| 4:14 | Build | Farm |
| 4:26 | Create | Villager (Male) |
| 5:00 | Research | Feudal Age |
| 5:43 | Build | Farm |
| 5:48 | Create | Villager (Male) |
| 5:52 | Age | Feudal Age |
| 5:54 | Create | Villager (Male) |
| 6:03 | Build | Market |
| 6:23 | Create | Villager (Male) |
| 6:25 | Research | Double-Bit Axe |
| 6:25 | Research | Tech 1687 |
| 6:26 | Research | Tech 1688 |
| 6:27 | Research | Tech 1625 |
| 6:27 | Research | Tech 1624 |
| 6:28 | Research | Horse Collar |
| 6:30 | Research | Wheelbarrow |
| 7:17 | Build | Blacksmith |
| 7:26 | Research | Town Watch |
| 7:31 | Research | Castle Age |
| 7:32 | Research | Tech 1612 |
| 7:33 | Research | Tech 1613 |
| 7:34 | Research | Tech 1699 |
| 7:34 | Research | Tech 1700 |
| 7:35 | Research | Loom |
| 7:35 | Research | Tech 1628 |
| 7:36 | Research | Tech 1628 |
| 7:36 | Research | Tech 1629 |
| 7:36 | Research | Tech 1629 |
| 7:43 | Build | Farm |
| 8:35 | Age | Castle Age |
| 8:40 | Research | Bow Saw |
| 8:41 | Research | Tech 1691 |
| 8:41 | Research | Tech 1691 |
| 8:41 | Research | Tech 1692 |
| 8:51 | Build | Siege Workshop |
| 8:57 | Build | Monastery |
| 9:00 | Create | Villager (Male) |
| 9:00 | Create | Villager (Male) |
| 9:03 | Research | Caravan |
| 9:03 | Research | Tech 1642 |
| 9:03 | Research | Tech 1643 |
| 9:06 | Research | Tech 1623 |
| 9:06 | Research | Tech 1622 |
| 9:06 | Research | Heavy Plow |
| 9:07 | Research | Heavy Plow |
| 9:11 | Create | Mangonel |
| 9:11 | Create | Mangonel |
| 9:16 | Build | House |
| 9:20 | Research | Imperial Age |
| 9:22 | Research | Town Patrol |
| 9:24 | Research | Hand Cart |
| 9:24 | Research | Tech 1715 |
| 9:24 | Research | Tech 1716 |
| 9:37 | Build | Lumber Camp |
| 9:43 | Build | Farm |
| 9:48 | Build | Town Center |
| 10:09 | Build | Lumber Camp |
| 10:16 | Create | Villager (Male) |
| 10:19 | Create | Villager (Male) |
| 10:19 | Create | Villager (Male) |
| 10:19 | Create | Villager (Male) |
| 10:20 | Create | Villager (Male) |
| 10:20 | Create | Villager (Male) |
| 10:24 | Build | Town Center |
| 10:34 | Research | Coinage |
| 10:37 | Age | Imperial Age |
| 10:39 | Research | Onager (upgrade) |
| 10:48 | Research | Two-Man Saw |
| 10:49 | Research | Tech 1705 |
| 10:49 | Research | Tech 1706 |
| 10:59 | Build | Farm |
| 11:04 | Build | Farm |
| 11:07 | Build | Lumber Camp |
| 11:54 | Build | Lumber Camp |
| 11:59 | Build | Castle |
| 12:12 | Research | Banking |
| 12:44 | Build | Town Center |
| 13:37 | Build | Feitoria |
| 13:44 | Build | Lumber Camp |
| 13:46 | Build | Lumber Camp |
| 13:49 | Build | Lumber Camp |
| 13:53 | Build | Town Center |
| 13:58 | Build | Mining Camp |
| 15:02 | Research | Tech 454 |
| 15:02 | Research | Tech 28 |
| 15:02 | Research | Tech 1760 |
| 15:03 | Research | Tech 1632 |
| 15:03 | Research | Tech 1761 |
| 15:03 | Research | Tech 1633 |
| 15:04 | Research | Elite Mameluke (upgrade) |
| 15:04 | Research | Elite Mameluke (upgrade) |
| 15:05 | Research | Conscription |
| 15:05 | Research | Tech 1733 |
| 15:05 | Research | Hoardings |
| 15:05 | Research | Tech 1735 |
| 15:05 | Research | Tech 1734 |
| 15:06 | Research | Tech 1745 |
| 15:06 | Research | Tech 1736 |
| 15:06 | Research | Tech 1736 |
| 15:06 | Research | Tech 1746 |
| 15:09 | Build | Barracks |
| 15:11 | Build | Blacksmith |
| 15:12 | Build | Blacksmith |
| 15:14 | Build | Blacksmith |
| 15:14 | Build | Blacksmith |
| 15:15 | Build | Blacksmith |
| 15:15 | Build | Blacksmith |
| 15:18 | Build | Town Center |
| 15:20 | Research | Stone Mining |
| 15:20 | Research | Gold Mining |
| 15:20 | Research | Tech 1653 |
| 15:20 | Research | Tech 1723 |
| 15:21 | Research | Tech 1654 |
| 15:21 | Research | Tech 1724 |
| 15:21 | Research | Tech 1654 |
| 15:21 | Research | Tech 1724 |
| 15:31 | Build | House |
| 15:32 | Build | House |
| 15:34 | Build | House |
| 15:34 | Build | House |
| 15:35 | Build | House |
| 15:36 | Build | House |
| 15:37 | Build | House |
| 15:39 | Build | House |
| 15:44 | Research | Pikeman (upgrade) |
| 15:44 | Research | Man-at-Arms (upgrade) |
| 15:45 | Research | Arson |
| 15:45 | Research | Squires |
| 15:45 | Research | Gambesons |
Build order — NoxMortus
First 150 of 644 actions detected
| 0:02 | Create | Villager (Male) |
| 0:02 | Create | Villager (Male) |
| 0:03 | Create | Villager (Male) |
| 0:03 | Create | Villager (Male) |
| 0:05 | Build | Mill |
| 0:24 | Build | House |
| 0:55 | Build | Lumber Camp |
| 1:31 | Create | Villager (Male) |
| 1:33 | Create | Villager (Male) |
| 1:48 | Build | Farm |
| 1:51 | Build | Farm |
| 1:52 | Build | Farm |
| 2:02 | Create | Villager (Male) |
| 2:04 | Build | Farm |
| 2:32 | Create | Villager (Male) |
| 2:32 | Create | Villager (Male) |
| 3:08 | Build | Farm |
| 3:16 | Create | Villager (Male) |
| 3:53 | Research | Feudal Age |
| 4:45 | Create | Villager (Male) ×5 |
| 5:02 | Age | Feudal Age |
| 5:04 | Build | Market |
| 5:06 | Research | Double-Bit Axe |
| 5:06 | Research | Double-Bit Axe |
| 5:06 | Research | Double-Bit Axe |
| 5:07 | Research | Tech 1687 |
| 5:07 | Research | Tech 1687 |
| 5:07 | Research | Tech 1687 |
| 5:08 | Research | Tech 1688 |
| 5:08 | Research | Tech 1688 |
| 5:21 | Build | Farm |
| 5:51 | Build | Blacksmith |
| 6:05 | Build | Lumber Camp |
| 6:10 | Build | Farm |
| 6:20 | Build | Farm |
| 6:34 | Research | Castle Age |
| 6:35 | Research | Castle Age |
| 6:50 | Research | Tech 1625 |
| 7:08 | Build | Farm |
| 7:15 | Create | Villager (Male) ×5 |
| 7:28 | Research | Town Watch |
| 7:29 | Research | Town Watch |
| 7:29 | Research | Tech 1612 |
| 7:30 | Research | Tech 1612 |
| 7:30 | Research | Tech 1613 |
| 7:30 | Research | Tech 1613 |
| 7:31 | Research | Tech 1613 |
| 7:32 | Create | Villager (Male) |
| 7:45 | Age | Castle Age |
| 7:48 | Build | Town Center |
| 8:03 | Build | Lumber Camp |
| 8:15 | Research | Bow Saw |
| 8:23 | Research | Tech 1691 |
| 8:25 | Create | Villager (Male) ×5 |
| 8:36 | Build | Farm |
| 8:38 | Build | Siege Workshop |
| 8:45 | Research | Tech 1692 |
| 9:26 | Create | Mangonel |
| 9:36 | Build | Monastery |
| 9:48 | Research | Imperial Age |
| 9:49 | Research | Imperial Age |
| 10:09 | Create | Villager (Male) |
| 10:09 | Create | Villager (Male) |
| 10:56 | Research | Wheelbarrow |
| 10:57 | Research | Wheelbarrow |
| 11:01 | Build | Lumber Camp |
| 11:06 | Build | Farm |
| 11:14 | Create | Villager (Male) |
| 11:14 | Create | Villager (Male) |
| 11:17 | Create | Villager (Male) |
| 11:17 | Create | Villager (Male) |
| 11:20 | Age | Imperial Age |
| 11:21 | Research | Onager (upgrade) |
| 11:21 | Research | Onager (upgrade) |
| 11:31 | Research | Two-Man Saw |
| 11:33 | Research | Tech 1705 |
| 11:50 | Build | Town Center |
| 11:52 | Build | Mining Camp |
| 12:00 | Create | Villager (Male) |
| 12:01 | Create | Villager (Male) |
| 12:01 | Create | Villager (Male) |
| 12:09 | Research | Tech 1624 |
| 12:10 | Research | Tech 1624 |
| 12:10 | Research | Horse Collar |
| 12:10 | Research | Horse Collar |
| 12:11 | Research | Horse Collar |
| 12:38 | Build | Mining Camp |
| 12:50 | Research | Stone Mining |
| 12:51 | Research | Stone Mining |
| 12:51 | Research | Gold Mining |
| 12:51 | Research | Tech 1723 |
| 12:51 | Research | Gold Mining |
| 12:51 | Research | Tech 1723 |
| 12:51 | Research | Gold Mining |
| 12:52 | Research | Tech 1653 |
| 12:52 | Research | Tech 1724 |
| 12:52 | Research | Gold Shaft Mining |
| 12:52 | Research | Tech 1724 |
| 12:52 | Research | Gold Shaft Mining |
| 12:52 | Research | Gold Shaft Mining |
| 12:52 | Research | Tech 1727 |
| 12:53 | Research | Tech 1654 |
| 12:53 | Research | Tech 1727 |
| 12:53 | Research | Tech 1654 |
| 12:53 | Research | Tech 1654 |
| 12:53 | Research | Tech 1677 |
| 12:53 | Research | Tech 1728 |
| 12:54 | Research | Tech 1677 |
| 12:54 | Research | Tech 1677 |
| 12:54 | Research | Tech 1728 |
| 12:54 | Research | Tech 1678 |
| 12:54 | Research | Tech 1678 |
| 12:55 | Research | Tech 1678 |
| 13:03 | Build | Monastery |
| 13:11 | Create | Villager (Male) ×5 |
| 13:16 | Create | Villager (Male) ×5 |
| 13:20 | Research | Tech 1706 |
| 13:20 | Research | Tech 1706 |
| 13:31 | Build | University |
| 13:40 | Research | Fervor |
| 13:41 | Research | Fervor |
| 13:42 | Research | Sanctity |
| 13:42 | Research | Sanctity |
| 13:42 | Research | Tech 1711 |
| 13:43 | Research | Tech 1711 |
| 13:43 | Research | Tech 1712 |
| 13:44 | Research | Tech 1717 |
| 13:44 | Research | Tech 1717 |
| 13:45 | Research | Tech 1718 |
| 13:45 | Research | Tech 1718 |
| 13:56 | Build | University |
| 14:11 | Build | Castle |
| 14:17 | Research | Treadmill Crane |
| 14:17 | Research | Treadmill Crane |
| 14:18 | Research | Tech 1651 |
| 14:18 | Research | Tech 1651 |
| 14:18 | Research | Tech 1652 |
| 14:19 | Research | Tech 1652 |
| 14:25 | Research | Guard Tower (upgrade) |
| 14:25 | Research | Arrowslits |
| 14:26 | Research | Chemistry |
| 14:26 | Research | Tech 1812 |
| 14:27 | Research | Tech 1640 |
| 14:27 | Research | Tech 1640 |
| 14:28 | Research | Ballistics |
| 14:28 | Research | Tech 1813 |
| 14:29 | Research | Tech 1641 |
| 14:31 | Research | Siege Engineers |
| 14:31 | Research | Siege Engineers |
| 14:39 | Create | Villager (Male) |
Build order — tonzo
First 150 of 518 actions detected
| 0:01 | Create | Villager (Male) |
| 0:01 | Create | Villager (Male) |
| 0:02 | Create | Villager (Male) |
| 0:04 | Build | House |
| 0:06 | Build | Mill |
| 0:10 | Build | Lumber Camp |
| 0:47 | Create | Villager (Male) |
| 0:47 | Create | Villager (Male) |
| 0:51 | Build | Mill |
| 1:18 | Build | Farm |
| 1:41 | Create | Villager (Male) |
| 1:41 | Create | Villager (Male) |
| 1:44 | Build | Farm |
| 1:47 | Build | Farm |
| 2:06 | Create | Villager (Male) |
| 2:10 | Build | Farm |
| 2:16 | Build | Farm |
| 2:33 | Create | Villager (Male) |
| 2:33 | Create | Villager (Male) |
| 2:37 | Build | Farm |
| 2:40 | Build | Farm |
| 2:42 | Build | Farm |
| 3:43 | Research | Feudal Age |
| 4:37 | Age | Feudal Age |
| 4:43 | Build | Market |
| 4:45 | Build | Blacksmith |
| 4:47 | Create | Villager (Male) |
| 4:48 | Create | Villager (Male) |
| 4:54 | Research | Town Watch |
| 5:11 | Build | Farm |
| 5:43 | Research | Castle Age |
| 5:58 | Build | Lumber Camp |
| 6:21 | Build | Market |
| 6:28 | Research | Double-Bit Axe |
| 6:29 | Research | Double-Bit Axe |
| 6:43 | Build | Farm |
| 6:49 | Create | Villager (Male) |
| 6:49 | Create | Villager (Male) |
| 6:50 | Create | Villager (Male) |
| 6:50 | Create | Villager (Male) |
| 6:50 | Create | Villager (Male) |
| 6:51 | Age | Castle Age |
| 7:21 | Research | Bow Saw |
| 7:22 | Research | Bow Saw |
| 7:22 | Research | Tech 1687 |
| 7:22 | Research | Tech 1687 |
| 7:24 | Create | Villager (Male) |
| 7:25 | Create | Villager (Male) |
| 7:25 | Create | Villager (Male) |
| 7:31 | Build | Farm |
| 8:20 | Build | Lumber Camp |
| 8:27 | Build | Farm |
| 9:01 | Build | Mining Camp |
| 9:19 | Research | Stone Mining |
| 9:20 | Research | Tech 1723 |
| 9:21 | Research | Tech 1724 |
| 9:33 | Research | Tech 1727 |
| 9:33 | Research | Tech 1727 |
| 9:34 | Research | Tech 1728 |
| 9:34 | Research | Tech 1728 |
| 9:36 | Research | Gold Mining |
| 9:36 | Research | Gold Mining |
| 9:37 | Research | Tech 1653 |
| 9:37 | Research | Gold Shaft Mining |
| 9:42 | Research | Tech 1654 |
| 9:42 | Research | Tech 1654 |
| 9:43 | Research | Tech 1677 |
| 9:43 | Research | Tech 1677 |
| 9:43 | Research | Tech 1677 |
| 9:43 | Research | Tech 1678 |
| 9:44 | Research | Tech 1678 |
| 9:44 | Research | Tech 1678 |
| 9:50 | Build | Town Center |
| 10:03 | Build | Farm |
| 10:05 | Build | Lumber Camp |
| 10:18 | Create | Villager (Male) |
| 10:18 | Create | Villager (Male) |
| 10:18 | Create | Villager (Male) |
| 10:18 | Create | Villager (Male) |
| 10:21 | Create | Villager (Male) |
| 10:38 | Build | University |
| 10:42 | Create | Villager (Male) |
| 10:42 | Create | Villager (Male) |
| 11:15 | Build | Monastery |
| 11:17 | Research | Tech 1651 |
| 11:18 | Research | Tech 1651 |
| 11:18 | Research | Tech 1652 |
| 11:18 | Research | Tech 1652 |
| 11:23 | Research | Tech 1688 |
| 11:23 | Research | Tech 1688 |
| 11:24 | Research | Tech 1691 |
| 11:24 | Research | Tech 1691 |
| 11:24 | Research | Tech 1692 |
| 11:25 | Research | Tech 1692 |
| 11:25 | Research | Tech 1692 |
| 11:34 | Research | Imperial Age |
| 11:41 | Build | Castle |
| 11:47 | Research | Ballistics |
| 11:49 | Research | Chemistry |
| 11:51 | Research | Tech 1640 |
| 11:51 | Research | Tech 1641 |
| 12:20 | Build | Blacksmith |
| 12:24 | Build | Watch Tower |
| 12:27 | Build | Watch Tower |
| 12:29 | Build | Watch Tower |
| 12:37 | Research | Fletching |
| 12:37 | Research | Fletching |
| 12:38 | Research | Bodkin Arrow |
| 12:38 | Research | Bodkin Arrow |
| 12:38 | Research | Tech 1681 |
| 12:38 | Research | Tech 1681 |
| 12:39 | Research | Tech 1682 |
| 12:39 | Research | Tech 1682 |
| 12:39 | Research | Tech 1682 |
| 12:39 | Research | Tech 1683 |
| 12:40 | Research | Tech 1683 |
| 12:40 | Research | Tech 1683 |
| 12:40 | Research | Tech 1684 |
| 12:40 | Research | Tech 1684 |
| 12:50 | Age | Imperial Age |
| 12:52 | Research | Tech 1069 |
| 12:54 | Research | Tech 1897 |
| 13:13 | Build | Watch Tower |
| 13:17 | Create | Villager (Male) |
| 13:17 | Create | Villager (Male) |
| 13:18 | Create | Villager (Male) |
| 13:18 | Create | Villager (Male) |
| 13:22 | Create | Villager (Male) |
| 13:22 | Create | Villager (Male) |
| 13:22 | Create | Villager (Male) |
| 13:22 | Create | Villager (Male) |
| 14:07 | Build | Siege Workshop |
| 14:08 | Build | Lumber Camp |
| 14:13 | Research | Tech 1898 |
| 14:14 | Research | Bracer |
| 14:14 | Research | Bracer |
| 14:15 | Research | Tech 1685 |
| 14:15 | Research | Tech 1685 |
| 14:15 | Research | Tech 1685 |
| 14:15 | Research | Tech 1686 |
| 14:16 | Research | Tech 1686 |
| 14:22 | Create | Unit 1942 |
| 14:23 | Create | Unit 1962 |
| 15:20 | Create | Mangonel |
| 15:24 | Research | Guilds |
| 15:26 | Create | Villager (Male) |
| 15:26 | Create | Villager (Male) |
| 15:27 | Create | Villager (Male) |
| 15:27 | Create | Villager (Male) |
| 15:30 | Research | Onager (upgrade) |
Build order — AworldE | AwE
First 150 of 559 actions detected
| 0:01 | Create | Villager (Male) |
| 0:25 | Build | Lumber Camp |
| 0:30 | Build | House |
| 0:32 | Create | Villager (Male) |
| 0:32 | Create | Villager (Male) |
| 0:32 | Create | Villager (Male) |
| 0:32 | Create | Villager (Male) |
| 1:10 | Build | Mill |
| 1:28 | Build | Farm |
| 1:34 | Build | Farm |
| 1:52 | Build | Farm |
| 2:15 | Build | Farm |
| 2:27 | Create | Villager (Male) |
| 2:32 | Build | Farm |
| 2:53 | Build | Farm |
| 2:54 | Create | Villager (Male) |
| 3:06 | Create | Villager (Male) |
| 3:06 | Create | Villager (Male) |
| 3:06 | Create | Villager (Male) |
| 3:18 | Build | Farm |
| 3:30 | Create | Villager (Male) |
| 3:41 | Build | Farm |
| 3:50 | Create | Villager (Male) |
| 4:00 | Build | Farm |
| 4:17 | Create | Villager (Male) |
| 4:48 | Create | Villager (Male) |
| 5:18 | Research | Feudal Age |
| 6:03 | Create | Villager (Male) |
| 6:05 | Create | Villager (Male) |
| 6:15 | Age | Feudal Age |
| 6:18 | Build | Market |
| 6:26 | Build | Blacksmith |
| 6:36 | Research | Double-Bit Axe |
| 6:37 | Research | Double-Bit Axe |
| 6:37 | Research | Tech 1687 |
| 6:37 | Research | Tech 1687 |
| 6:38 | Research | Tech 1688 |
| 6:38 | Research | Tech 1688 |
| 6:44 | Research | Wheelbarrow |
| 7:56 | Research | Castle Age |
| 8:02 | Build | Mill |
| 8:09 | Research | Forging |
| 8:09 | Research | Scale Mail Armor |
| 8:10 | Research | Scale Barding Armor |
| 8:10 | Research | Fletching |
| 8:10 | Research | Padded Archer Armor |
| 8:35 | Research | Tech 1625 |
| 8:35 | Research | Tech 1625 |
| 8:35 | Research | Tech 1624 |
| 8:36 | Research | Tech 1624 |
| 8:36 | Research | Horse Collar |
| 8:48 | Build | Mining Camp |
| 9:00 | Age | Castle Age |
| 9:29 | Build | Siege Workshop |
| 9:33 | Research | Gold Mining |
| 9:33 | Research | Stone Mining |
| 9:35 | Research | Tech 1653 |
| 9:35 | Research | Tech 1723 |
| 9:38 | Research | Bow Saw |
| 9:38 | Research | Bow Saw |
| 9:38 | Research | Tech 1691 |
| 9:39 | Research | Tech 1691 |
| 9:39 | Research | Tech 1692 |
| 9:39 | Research | Tech 1692 |
| 9:42 | Research | Tech 1623 |
| 9:42 | Research | Tech 1623 |
| 9:43 | Research | Tech 1622 |
| 9:43 | Research | Tech 1622 |
| 9:43 | Research | Heavy Plow |
| 9:44 | Research | Heavy Plow |
| 9:46 | Research | Gold Shaft Mining |
| 9:46 | Research | Gold Shaft Mining |
| 9:47 | Research | Tech 1724 |
| 9:47 | Research | Tech 1654 |
| 9:47 | Research | Tech 1724 |
| 9:56 | Build | Monastery |
| 9:59 | Research | Town Watch |
| 10:01 | Research | Tech 1612 |
| 10:01 | Research | Tech 1612 |
| 10:01 | Research | Tech 1613 |
| 10:46 | Research | Town Patrol |
| 11:07 | Research | Imperial Age |
| 11:13 | Create | Mangonel ×5 |
| 11:17 | Build | House |
| 11:26 | Build | Mining Camp |
| 11:31 | Build | Lumber Camp |
| 12:23 | Age | Imperial Age |
| 12:31 | Research | Guilds |
| 12:50 | Research | Two-Man Saw |
| 12:51 | Research | Two-Man Saw |
| 12:51 | Research | Tech 1705 |
| 12:51 | Research | Tech 1705 |
| 12:52 | Research | Tech 1706 |
| 12:52 | Research | Tech 1706 |
| 13:16 | Research | Onager (upgrade) |
| 13:31 | Build | Castle |
| 13:50 | Build | Lumber Camp |
| 13:53 | Research | Tech 1677 |
| 13:53 | Research | Tech 1727 |
| 13:54 | Research | Tech 1678 |
| 13:54 | Research | Tech 1728 |
| 13:58 | Build | Mining Camp |
| 14:05 | Build | Town Center |
| 14:37 | Build | Lumber Camp |
| 14:39 | Create | Monk |
| 14:44 | Research | Sanctity |
| 14:45 | Research | Fervor |
| 14:51 | Research | Howdah |
| 14:53 | Research | Tech 1818 |
| 14:54 | Research | Tech 1819 |
| 14:57 | Research | Manipur Cavalry |
| 15:00 | Research | Tech 1820 |
| 15:03 | Research | Tech 1821 |
| 15:04 | Research | Elite Arambai (upgrade) |
| 15:06 | Research | Conscription |
| 15:07 | Research | Tech 1733 |
| 15:08 | Research | Tech 1734 |
| 15:10 | Research | Tech 1735 |
| 15:11 | Research | Tech 1736 |
| 15:42 | Create | Mangonel ×5 |
| 16:06 | Create | Villager (Male) |
| 16:06 | Create | Villager (Male) |
| 16:06 | Create | Villager (Male) |
| 16:06 | Create | Villager (Male) |
| 16:06 | Create | Villager (Male) |
| 16:10 | Research | Iron Casting |
| 16:10 | Research | Chain Mail Armor |
| 16:10 | Research | Chain Barding Armor |
| 16:11 | Research | Tech 1661 |
| 16:11 | Research | Tech 1663 |
| 16:11 | Research | Tech 1673 |
| 16:11 | Research | Fletching |
| 16:11 | Research | Padded Archer Armor |
| 16:13 | Research | Tech 1662 |
| 16:13 | Research | Tech 1664 |
| 16:13 | Research | Tech 1674 |
| 16:18 | Build | University |
| 16:22 | Research | Hand Cart |
| 16:22 | Research | Tech 1699 |
| 16:23 | Research | Tech 1700 |
| 16:24 | Research | Loom |
| 16:24 | Research | Tech 1628 |
| 17:17 | Build | Barracks |
| 17:19 | Build | Lumber Camp |
| 17:21 | Research | Blast Furnace |
| 17:21 | Research | Plate Mail Armor |
| 17:21 | Research | Plate Barding Armor |
| 17:22 | Research | Tech 1695 |
| 17:27 | Research | Ballistics |
| 17:27 | Research | Ballistics |
Build order — Blegh
First 150 of 728 actions detected
| 0:07 | Build | House |
| 0:09 | Build | Mill |
| 0:11 | Create | Villager (Male) ×4 |
| 0:31 | Build | Farm |
| 1:20 | Build | Farm |
| 1:48 | Create | Villager (Male) |
| 1:52 | Build | Farm |
| 2:10 | Build | Farm |
| 2:21 | Create | Villager (Male) |
| 2:40 | Build | Farm |
| 2:53 | Create | Villager (Male) |
| 2:53 | Create | Villager (Male) |
| 3:10 | Create | Villager (Male) |
| 3:15 | Build | Farm |
| 3:20 | Create | Villager (Male) |
| 3:41 | Create | Villager (Male) |
| 3:57 | Build | Farm |
| 4:00 | Build | Farm |
| 4:02 | Create | Villager (Male) |
| 4:56 | Create | Villager (Male) |
| 5:19 | Build | Lumber Camp |
| 5:33 | Research | Feudal Age |
| 5:42 | Build | House |
| 6:19 | Create | Villager (Male) |
| 6:25 | Age | Feudal Age |
| 6:26 | Create | Villager (Male) |
| 6:27 | Research | Double-Bit Axe |
| 6:31 | Research | Tech 1625 |
| 6:33 | Research | Tech 1624 |
| 6:38 | Research | Tech 1687 |
| 6:39 | Research | Tech 1688 |
| 6:42 | Research | Town Watch |
| 6:43 | Research | Tech 1612 |
| 6:43 | Research | Tech 1613 |
| 6:50 | Research | Horse Collar |
| 7:07 | Build | Lumber Camp |
| 7:26 | Build | Farm |
| 7:34 | Build | Lumber Camp |
| 7:37 | Research | Wheelbarrow |
| 8:41 | Build | Market |
| 8:45 | Build | Blacksmith |
| 9:28 | Research | Castle Age |
| 10:32 | Age | Castle Age |
| 10:38 | Research | Bow Saw |
| 10:40 | Research | Tech 1691 |
| 10:40 | Research | Tech 1692 |
| 10:47 | Build | Lumber Camp |
| 11:14 | Build | Market |
| 11:19 | Build | Siege Workshop |
| 11:22 | Build | Monastery |
| 11:36 | Build | Mill |
| 11:44 | Research | Imperial Age |
| 11:46 | Create | Mangonel |
| 11:46 | Create | Mangonel |
| 11:46 | Create | Mangonel |
| 11:54 | Build | Farm |
| 12:10 | Build | Mining Camp |
| 12:27 | Research | Gold Mining |
| 12:27 | Research | Gold Mining |
| 12:27 | Research | Tech 1653 |
| 12:27 | Research | Tech 1654 |
| 12:28 | Research | Stone Mining |
| 12:28 | Research | Tech 1723 |
| 12:29 | Research | Tech 1724 |
| 12:56 | Build | Lumber Camp |
| 13:00 | Age | Imperial Age |
| 13:08 | Build | Castle |
| 13:13 | Research | Onager (upgrade) |
| 13:47 | Research | Gold Shaft Mining |
| 13:47 | Research | Stone Shaft Mining |
| 13:48 | Research | Tech 1677 |
| 13:48 | Research | Tech 1727 |
| 13:48 | Research | Tech 1678 |
| 13:48 | Research | Tech 1728 |
| 13:51 | Build | Lumber Camp |
| 13:55 | Build | Lumber Camp |
| 13:56 | Research | Tech 1705 |
| 13:57 | Research | Tech 1705 |
| 13:57 | Research | Tech 1706 |
| 13:57 | Research | Tech 1706 |
| 14:25 | Research | Tech 1061 |
| 14:26 | Research | Tech 1891 |
| 14:26 | Research | Tech 1892 |
| 14:32 | Build | Lumber Camp |
| 14:34 | Create | Unit 1949 ×5 |
| 14:52 | Build | Lumber Camp |
| 15:03 | Research | Tech 1062 |
| 15:03 | Research | Tech 1893 |
| 15:15 | Build | Lumber Camp |
| 15:29 | Create | Unit 1942 |
| 15:30 | Create | Unit 1942 |
| 15:31 | Create | Unit 1942 |
| 15:37 | Research | Tech 1623 |
| 15:37 | Research | Tech 1623 |
| 15:38 | Research | Tech 1622 |
| 15:38 | Research | Tech 1622 |
| 15:38 | Research | Tech 1622 |
| 16:01 | Research | Conscription |
| 16:12 | Build | Feitoria |
| 16:42 | Build | House |
| 16:43 | Build | House |
| 16:44 | Build | House |
| 16:45 | Build | House |
| 16:46 | Build | House |
| 16:54 | Build | Feitoria |
| 17:03 | Research | Tech 1894 |
| 17:06 | Research | Tech 1733 |
| 17:06 | Research | Tech 1733 |
| 17:07 | Research | Tech 1734 |
| 17:16 | Create | Mangonel |
| 17:16 | Create | Mangonel |
| 17:27 | Build | University |
| 17:29 | Build | University |
| 17:45 | Research | Tech 1036 |
| 17:55 | Build | Lumber Camp |
| 18:07 | Research | Heavy Plow |
| 18:17 | Build | Lumber Camp |
| 18:23 | Research | Tech 1743 |
| 18:23 | Research | Tech 1743 |
| 18:24 | Research | Tech 1744 |
| 18:25 | Research | Ballistics |
| 18:26 | Research | Chemistry |
| 18:27 | Research | Chemistry |
| 18:27 | Research | Tech 1640 |
| 18:27 | Research | Tech 1641 |
| 18:28 | Research | Masonry |
| 18:28 | Research | Tech 1646 |
| 18:28 | Research | Tech 1647 |
| 18:52 | Build | Lumber Camp |
| 18:59 | Create | Unit 1954 |
| 19:00 | Create | Unit 1949 ×5 |
| 19:00 | Create | Unit 1949 ×5 |
| 19:00 | Create | Unit 1949 |
| 19:01 | Create | Unit 1949 ×2 |
| 19:13 | Create | Mangonel ×5 |
| 19:17 | Build | Siege Workshop |
| 19:59 | Create | Mangonel ×5 |
| 19:59 | Create | Mangonel ×5 |
| 20:05 | Create | Unit 1949 |
| 20:06 | Create | Unit 1949 |
| 20:13 | Build | Lumber Camp |
| 20:17 | Research | Tech 1648 |
| 20:17 | Research | Tech 1873 |
| 20:18 | Research | Tech 1873 |
| 20:18 | Research | Treadmill Crane |
| 20:18 | Research | Tech 1651 |
| 20:19 | Research | Tech 1652 |
| 20:19 | Research | Tech 1652 |
| 20:21 | Research | Murder Holes |
| 21:01 | Build | Barracks |
Build order — tacotoy
First 150 of 325 actions detected
| 0:12 | Create | Villager (Male) |
| 0:12 | Create | Villager (Male) |
| 0:13 | Create | Villager (Male) |
| 0:13 | Create | Villager (Male) |
| 0:21 | Build | House |
| 0:49 | Build | Lumber Camp |
| 1:09 | Build | Mill |
| 2:03 | Build | Farm |
| 2:08 | Create | Villager (Male) ×3 |
| 3:06 | Build | Farm |
| 3:13 | Create | Villager (Male) ×5 |
| 4:46 | Build | Lumber Camp |
| 5:00 | Research | Feudal Age |
| 5:30 | Research | Feudal Age |
| 6:14 | Build | Farm |
| 6:22 | Age | Feudal Age |
| 6:23 | Build | Farm |
| 6:27 | Research | Town Watch |
| 6:29 | Research | Wheelbarrow |
| 6:32 | Research | Double-Bit Axe |
| 6:33 | Research | Tech 1687 |
| 6:33 | Research | Tech 1688 |
| 6:53 | Build | Market |
| 6:57 | Build | Blacksmith |
| 8:17 | Build | Lumber Camp |
| 8:26 | Research | Castle Age |
| 8:48 | Build | Mining Camp |
| 9:02 | Create | Villager (Male) ×5 |
| 9:27 | Research | Gold Mining |
| 9:28 | Research | Tech 1653 |
| 9:28 | Research | Tech 1653 |
| 9:28 | Research | Tech 1654 |
| 9:29 | Research | Tech 1654 |
| 9:30 | Age | Castle Age |
| 9:31 | Research | Stone Mining |
| 9:31 | Research | Tech 1723 |
| 9:32 | Research | Tech 1724 |
| 9:32 | Research | Stone Shaft Mining |
| 9:32 | Research | Tech 1727 |
| 9:33 | Research | Tech 1728 |
| 9:33 | Research | Gold Shaft Mining |
| 9:34 | Research | Tech 1677 |
| 9:34 | Research | Tech 1678 |
| 9:46 | Research | Bow Saw |
| 9:46 | Research | Tech 1691 |
| 9:47 | Research | Tech 1692 |
| 9:56 | Build | Siege Workshop |
| 10:00 | Research | Town Patrol |
| 10:01 | Research | Tech 1612 |
| 10:02 | Research | Tech 1613 |
| 10:24 | Build | Monastery |
| 10:33 | Build | Town Center |
| 11:29 | Build | Lumber Camp |
| 11:56 | Research | Imperial Age |
| 12:08 | Create | Mangonel |
| 12:43 | Build | Town Center |
| 12:58 | Build | University |
| 13:07 | Build | Lumber Camp |
| 13:12 | Age | Imperial Age |
| 13:17 | Create | Villager (Male) ×5 |
| 13:24 | Research | Chemistry |
| 13:25 | Research | Tech 1640 |
| 13:26 | Research | Tech 1641 |
| 13:43 | Create | Villager (Male) |
| 13:44 | Create | Villager (Male) |
| 13:44 | Create | Villager (Male) |
| 13:44 | Create | Villager (Male) |
| 15:00 | Research | Houfnice (upgrade) |
| 15:10 | Create | Villager (Male) |
| 15:11 | Create | Villager (Male) |
| 15:11 | Create | Villager (Male) |
| 15:37 | Build | Castle |
| 15:44 | Build | Lumber Camp |
| 16:27 | Create | Bombard Cannon |
| 16:58 | Build | Lumber Camp |
| 17:05 | Build | Watch Tower |
| 17:06 | Build | Watch Tower |
| 17:07 | Build | Watch Tower |
| 17:14 | Research | Onager (upgrade) |
| 17:25 | Research | Elite Hussite Wagon (upgrade) |
| 17:28 | Research | Conscription |
| 17:28 | Research | Tech 1733 |
| 17:29 | Research | Tech 1734 |
| 18:00 | Research | Two-Man Saw |
| 18:00 | Research | Tech 1705 |
| 18:00 | Research | Tech 1706 |
| 18:01 | Research | Tech 1706 |
| 18:10 | Build | Lumber Camp |
| 18:18 | Research | Murder Holes |
| 18:20 | Research | Guard Tower (upgrade) |
| 18:21 | Research | Ballistics |
| 18:23 | Research | Masonry |
| 18:24 | Research | Treadmill Crane |
| 18:25 | Research | Tech 1651 |
| 18:25 | Research | Tech 1652 |
| 18:39 | Research | Two-Man Saw |
| 18:39 | Research | Tech 1705 |
| 18:49 | Research | Loom |
| 18:49 | Research | Tech 1628 |
| 18:50 | Research | Tech 1629 |
| 18:51 | Research | Hand Cart |
| 18:52 | Research | Tech 1699 |
| 18:52 | Research | Tech 1700 |
| 18:53 | Research | Tech 1700 |
| 18:53 | Research | Tech 1715 |
| 18:54 | Research | Tech 1716 |
| 19:27 | Research | Fletching |
| 19:28 | Research | Bodkin Arrow |
| 19:28 | Research | Bodkin Arrow |
| 19:28 | Research | Tech 1681 |
| 19:29 | Research | Bracer |
| 19:29 | Research | Bracer |
| 19:29 | Research | Tech 1682 |
| 19:30 | Research | Tech 1682 |
| 19:30 | Research | Tech 1683 |
| 19:30 | Research | Tech 1683 |
| 19:31 | Research | Tech 1684 |
| 19:31 | Research | Tech 1684 |
| 19:32 | Research | Tech 1685 |
| 19:32 | Research | Tech 1685 |
| 19:32 | Research | Tech 1686 |
| 19:34 | Research | Padded Archer Armor |
| 19:35 | Research | Tech 1695 |
| 19:35 | Research | Tech 1696 |
| 19:51 | Build | Watch Tower |
| 19:51 | Build | Watch Tower |
| 19:52 | Build | Watch Tower |
| 19:58 | Build | Watch Tower |
| 19:58 | Build | Watch Tower |
| 20:01 | Build | Watch Tower |
| 20:24 | Research | Keep (upgrade) |
| 20:25 | Research | Arrowslits |
| 20:26 | Research | Tech 1812 |
| 20:27 | Research | Tech 1813 |
| 20:39 | Research | Tech 1745 |
| 20:40 | Research | Tech 1746 |
| 20:49 | Create | Villager (Male) |
| 20:49 | Create | Villager (Male) |
| 20:50 | Create | Villager (Male) |
| 21:03 | Build | Lumber Camp |
| 21:10 | Research | Tech 1706 |
| 21:30 | Build | Town Center |
| 22:22 | Research | Fortified Wall (upgrade) |
| 22:23 | Research | Bombard Tower (upgrade) |
| 22:25 | Research | Siege Engineers |
| 22:25 | Research | Tech 1743 |
| 22:26 | Research | Tech 1743 |
| 22:26 | Research | Tech 1744 |
| 23:47 | Build | Watch Tower |
| 23:47 | Build | Watch Tower |
Build order — procrastination.exe
First 150 of 491 actions detected
| 0:01 | Create | Villager (Male) ×4 |
| 0:03 | Build | Mill |
| 0:05 | Build | House |
| 0:29 | Build | Farm |
| 1:12 | Build | Lumber Camp |
| 1:43 | Build | Farm |
| 1:44 | Create | Villager (Male) |
| 1:59 | Build | Farm |
| 2:14 | Build | Farm |
| 2:23 | Create | Villager (Male) |
| 2:52 | Create | Villager (Male) |
| 2:52 | Create | Villager (Male) |
| 2:55 | Build | Farm |
| 3:06 | Build | Farm |
| 3:11 | Create | Villager (Male) |
| 3:12 | Create | Villager (Male) |
| 3:32 | Build | Farm |
| 3:37 | Create | Villager (Male) |
| 3:40 | Build | Farm |
| 4:05 | Build | Farm |
| 4:42 | Research | Feudal Age |
| 5:02 | Create | Villager (Male) |
| 5:03 | Create | Villager (Male) |
| 5:34 | Age | Feudal Age |
| 5:38 | Build | Market |
| 5:54 | Research | Double-Bit Axe |
| 5:55 | Research | Double-Bit Axe |
| 5:55 | Research | Tech 1687 |
| 5:55 | Research | Tech 1687 |
| 5:56 | Research | Tech 1688 |
| 5:56 | Research | Tech 1688 |
| 5:58 | Research | Tech 1625 |
| 5:58 | Research | Tech 1624 |
| 5:59 | Research | Horse Collar |
| 5:59 | Research | Horse Collar |
| 6:21 | Build | Blacksmith |
| 6:54 | Research | Castle Age |
| 7:31 | Build | Mining Camp |
| 7:43 | Research | Gold Mining |
| 7:43 | Research | Stone Mining |
| 7:43 | Research | Gold Mining |
| 7:43 | Research | Stone Mining |
| 7:43 | Research | Tech 1653 |
| 7:44 | Research | Tech 1723 |
| 7:44 | Research | Tech 1653 |
| 7:44 | Research | Tech 1723 |
| 7:44 | Research | Tech 1654 |
| 7:44 | Research | Tech 1724 |
| 7:44 | Research | Tech 1724 |
| 7:52 | Research | Town Watch |
| 7:52 | Research | Town Watch |
| 7:53 | Research | Tech 1612 |
| 7:53 | Research | Tech 1612 |
| 7:53 | Research | Tech 1613 |
| 7:53 | Research | Tech 1613 |
| 7:58 | Age | Castle Age |
| 8:04 | Build | Monastery |
| 8:12 | Build | Siege Workshop |
| 8:43 | Research | Imperial Age |
| 9:09 | Build | Farm |
| 9:10 | Create | Mangonel |
| 9:13 | Research | Tech 1677 |
| 9:13 | Research | Stone Shaft Mining |
| 9:20 | Research | Tech 1678 |
| 9:20 | Research | Stone Shaft Mining |
| 9:21 | Research | Tech 1727 |
| 9:21 | Research | Tech 1727 |
| 9:21 | Research | Tech 1728 |
| 9:22 | Research | Tech 1728 |
| 9:50 | Build | Lumber Camp |
| 9:59 | Age | Imperial Age |
| 10:00 | Research | Onager (upgrade) |
| 10:24 | Research | Guilds |
| 10:29 | Build | Castle |
| 11:15 | Research | Tech 1404 |
| 11:15 | Research | Arquebus |
| 11:16 | Research | Arquebus |
| 11:17 | Research | Conscription |
| 11:17 | Research | Conscription |
| 11:18 | Research | Conscription |
| 11:24 | Build | Lumber Camp |
| 11:32 | Build | Town Center |
| 11:48 | Build | House |
| 11:51 | Research | Bow Saw |
| 11:51 | Research | Bow Saw |
| 11:51 | Research | Two-Man Saw |
| 11:52 | Research | Two-Man Saw |
| 11:52 | Research | Tech 1691 |
| 11:52 | Research | Tech 1691 |
| 11:53 | Research | Tech 1692 |
| 11:53 | Research | Tech 1692 |
| 11:54 | Research | Tech 1705 |
| 11:55 | Research | Tech 1705 |
| 11:55 | Research | Tech 1706 |
| 11:55 | Research | Tech 1706 |
| 12:24 | Build | Feitoria |
| 12:47 | Build | Feitoria |
| 12:50 | Research | Loom |
| 12:51 | Research | Loom |
| 12:51 | Research | Tech 1628 |
| 12:51 | Research | Tech 1628 |
| 12:52 | Research | Tech 1629 |
| 12:52 | Research | Tech 1629 |
| 13:13 | Create | Mangonel |
| 13:20 | Build | Town Center |
| 13:23 | Build | House |
| 13:25 | Build | House |
| 13:39 | Build | House |
| 13:45 | Build | Feitoria |
| 13:48 | Build | Lumber Camp |
| 13:49 | Create | Mangonel |
| 13:58 | Build | University |
| 14:16 | Research | Treadmill Crane |
| 14:16 | Research | Treadmill Crane |
| 14:16 | Research | Tech 1651 |
| 14:17 | Research | Tech 1651 |
| 14:17 | Research | Tech 1652 |
| 14:17 | Research | Tech 1652 |
| 14:18 | Research | Tech 1652 |
| 14:19 | Research | Wheelbarrow |
| 14:19 | Research | Wheelbarrow |
| 14:20 | Research | Tech 1699 |
| 14:20 | Research | Tech 1699 |
| 14:20 | Research | Tech 1699 |
| 14:20 | Research | Tech 1700 |
| 14:21 | Research | Tech 1700 |
| 14:21 | Research | Tech 1700 |
| 14:21 | Research | Town Patrol |
| 14:22 | Research | Town Patrol |
| 14:22 | Research | Town Patrol |
| 14:42 | Research | Siege Engineers |
| 14:42 | Research | Siege Engineers |
| 14:43 | Research | Tech 1743 |
| 14:43 | Research | Tech 1743 |
| 14:43 | Research | Tech 1743 |
| 14:43 | Research | Tech 1744 |
| 14:44 | Research | Tech 1744 |
| 14:45 | Research | Ballistics |
| 14:45 | Research | Chemistry |
| 14:46 | Research | Chemistry |
| 14:46 | Research | Tech 1640 |
| 14:46 | Research | Tech 1640 |
| 14:46 | Research | Tech 1640 |
| 14:47 | Research | Tech 1641 |
| 14:51 | Build | Town Center |
| 15:20 | Research | Elite Organ Gun (upgrade) |
| 15:21 | Research | Tech 1733 |
| 15:21 | Research | Tech 1733 |
| 15:22 | Research | Tech 1733 |
| 15:22 | Research | Tech 1734 |
Match timeline
| 4:37 | tonzo · age_up feudal |
| 4:57 | gmc inspector · age_up feudal |
| 5:02 | NoxMortus · age_up feudal |
| 5:12 | tonzo · first_market_sell 500 wood |
| 5:26 | NoxMortus · first_market_sell 100 wood |
| 5:34 | procrastination.exe · age_up feudal |
| 5:52 | NoAgendaPODCAST · age_up feudal |
| 6:09 | procrastination.exe · first_market_sell 500 stone |
| 6:10 | procrastination.exe · first_market_buy 500 stone |
| 6:15 | AworldE | AwE · age_up feudal |
| 6:22 | tacotoy · age_up feudal |
| 6:25 | Blegh · age_up feudal |
| 6:38 | NoAgendaPODCAST · first_market_sell 500 stone |
| 6:39 | NoAgendaPODCAST · first_market_buy 500 stone |
| 6:48 | AworldE | AwE · first_market_sell 500 food |
| 6:49 | AworldE | AwE · first_market_buy 500 food |
| 6:51 | tonzo · age_up castle |
| 7:45 | NoxMortus · age_up castle |
| 7:55 | gmc inspector · first_market_sell 100 food |
| 7:58 | procrastination.exe · age_up castle |
| 8:04 | procrastination.exe · first_building Monastery |
| 8:12 | procrastination.exe · first_building Siege Workshop |
| 8:21 | tacotoy · first_market_sell 500 wood |
| 8:35 | NoAgendaPODCAST · age_up castle |
| 8:38 | NoxMortus · first_building Siege Workshop |
| 8:51 | NoAgendaPODCAST · first_building Siege Workshop |
| 8:57 | NoAgendaPODCAST · first_building Monastery |
| 9:00 | AworldE | AwE · age_up castle |
| 9:03 | Blegh · first_market_sell 500 wood |
| 9:06 | Blegh · first_market_buy 100 food |
| 9:11 | gmc inspector · first_market_buy 100 stone |
| 9:18 | gmc inspector · age_up castle |
| 9:29 | AworldE | AwE · first_building Siege Workshop |
| 9:30 | tacotoy · age_up castle |
| 9:36 | NoxMortus · first_building Monastery |
| 9:56 | AworldE | AwE · first_building Monastery |
| 9:56 | tacotoy · first_building Siege Workshop |
| 9:59 | procrastination.exe · age_up imperial |
| 10:24 | tacotoy · first_building Monastery |
| 10:29 | procrastination.exe · first_building Castle |
| 10:32 | Blegh · age_up castle |
| 10:37 | NoAgendaPODCAST · age_up imperial |
| 11:15 | tonzo · first_building Monastery |
| 11:19 | Blegh · first_building Siege Workshop |
| 11:20 | NoxMortus · age_up imperial |
| 11:22 | Blegh · first_building Monastery |
| 11:41 | tonzo · first_building Castle |
| 11:59 | NoAgendaPODCAST · first_building Castle |
| 12:23 | AworldE | AwE · age_up imperial |
| 12:48 | gmc inspector · first_building Castle |
| 12:50 | tonzo · age_up imperial |
| 13:00 | Blegh · age_up imperial |
| 13:08 | Blegh · first_building Castle |
| 13:12 | tacotoy · age_up imperial |
| 13:31 | AworldE | AwE · first_building Castle |
| 14:02 | tacotoy · first_market_buy 500 stone |
| 14:07 | tonzo · first_building Siege Workshop |
| 14:11 | NoxMortus · first_building Castle |
| 15:09 | NoAgendaPODCAST · first_building Barracks |
| 15:37 | tacotoy · first_building Castle |
| 15:58 | tonzo · first_building Barracks |
| 16:05 | gmc inspector · age_up imperial |
| 16:30 | tonzo · first_building Archery Range |
| 16:35 | NoAgendaPODCAST · first_building Stable |
| 17:17 | AworldE | AwE · first_building Barracks |
| 17:28 | procrastination.exe · first_building Dock |
| 17:51 | AworldE | AwE · first_building Stable |
| 18:07 | NoxMortus · first_building Barracks |
| 21:01 | Blegh · first_building Barracks |
| 21:17 | procrastination.exe · first_building Barracks |
| 21:42 | Blegh · first_building Archery Range |
| 21:56 | NoAgendaPODCAST · first_building Archery Range |
| 23:09 | AworldE | AwE · first_building Archery Range |
| 24:02 | Blegh · first_building Stable |
| 24:06 | tacotoy · first_building Dock |
| 25:57 | AworldE | AwE · wall_segment Stone Wall x1 |
| 26:40 | NoAgendaPODCAST · wall_segment Stone Wall x10 |
| 29:11 | procrastination.exe · tribute_sent a jugador 1 |
| 29:11 | procrastination.exe · tribute_sent a jugador 2 |
| 29:11 | procrastination.exe · tribute_sent a jugador 3 |
| 29:11 | procrastination.exe · tribute_sent a jugador 4 |
| 29:11 | procrastination.exe · tribute_sent a jugador 5 |
| 29:11 | procrastination.exe · tribute_sent a jugador 6 |
| 29:11 | procrastination.exe · tribute_sent a jugador 7 |
| 30:15 | tonzo · first_building Stable |
| 33:16 | tacotoy · first_building Barracks |
| 33:39 | tacotoy · first_building Stable |
| 33:46 | tacotoy · first_building Archery Range |
| 35:11 | AworldE | AwE · wall_segment Stone Wall x1 |
| 35:13 | AworldE | AwE · wall_segment Stone Wall x1 |
| 35:15 | AworldE | AwE · wall_segment Stone Wall x1 |
| 36:51 | AworldE | AwE · wall_segment Stone Wall x1 |
| 40:25 | NoAgendaPODCAST · resign |
| 45:29 | gmc inspector · first_building Barracks |
[ AI ANALYSIS · 1 CREDIT ]
What really happened in this match?
Wolo.gg analyzes every decision: build order, eco, micro, common mistakes by bracket. Personalized analysis on WhatsApp or Discord in 30 seconds.
Civ guide
Celts
Perfil
Jugador #17714652